 Dungeon Crawl Stone Soup version 0.26.0-10-g1f06aea511 (webtiles) character file.

Game seed: 12234691935740621423

1405 EnegeticOcto the Chopper (level 8, -3/66 HPs)
             Began as a Deep Dwarf Fighter on Jan 14, 2021.
             Was an Initiate of Hepliaklqana.
             Slain by an ogre
             ... wielding a +0 giant spiked club
              (8 damage)
             ... on level 7 of the Dungeon.
             The game lasted 00:02:03 (2309 turns).

EnegeticOcto the Chopper (Deep Dwarf Fighter)       Turns: 2309, Time: 00:02:04

Health: -3/66      AC: 12    Str: 21    XL:     8   Next: 42%
Magic:  2/2        EV:  8    Int: 10    God:    Hepliaklqana [......]
Gold:   95         SH: 10    Dex: 12    Spells: 7/7 levels left

rFire    . . .     SeeInvis .   a - +0 war axe
rCold    . . .     Faith    .   c - +0 kite shield
rNeg     . . .     Spirit   .   b - +0 scale mail
rPois    .         Reflect  .   i - +0 helmet
rElec    .         Harm     .   (no cloak)
rCorr    .         Rampage  .   q - +2 pair of gloves
Will     +....                  (no boots)
Stlth    ..........             (no amulet)
HPRegen  0.00/turn              (no ring)
MPRegen  0.08/turn              (no ring)

@: non-regenerating
A: damage resistance, heal wounds, reduced essence, sense surroundings 1, no
regeneration
a: Heal Wounds, Renounce Religion, Recall Ancestor, Ancestor Identity


You were on level 7 of the Dungeon.
You worshipped Hepliaklqana.
Hepliaklqana was noncommittal.
You visited 2 branches of the dungeon, and saw 9 of its levels.

You collected 159 gold pieces.
You paid 64 gold pieces to Gozag.

Inventory:

Hand Weapons
 a - a +0 war axe (weapon)
Armour
 b - a +0 scale mail (worn)
 c - a +0 kite shield (worn)
 i - a +0 helmet (worn)
 q - a +2 pair of gloves (worn)
Jewellery
 s - a cursed ring of attention {unknown}
Scrolls
 f - 2 scrolls of random uselessness {unknown}
 g - a scroll of fear {unknown}
 h - 2 scrolls of amnesia {unknown}
 j - a scroll of magic mapping {unknown}
 k - a scroll of teleportation {unknown}
 l - 4 scrolls of identify {unknown}
 m - a scroll of immolation {unknown}
 n - a scroll of enchant armour {unknown}
 p - a scroll of remove curse {unknown}
 r - a scroll of fog {unknown}
 u - a scroll of torment {unknown}
Potions
 d - 2 potions of might {@q3}
 e - a potion of attraction {unknown}
 o - a potion of degeneration {unknown}
 t - a potion of ambrosia {unknown}


   Skills:
 + Level 5.0 Fighting
 * Level 7.5 Axes
 + Level 6.0 Armour
 + Level 6.0 Shields


You had 7 spell levels left.
You didn't know any spells.
Your spell library was empty.

Dungeon Overview and Level Annotations

Branches:
Dungeon (8/15)             Temple (1/1) D:5
   Lair: D:8-11

Altars:
Cheibriados
Dithmenos
Elyvilon
Fedhas
Gozag
Hepliaklqana
Kikubaaqudgha
Makhleb
Nemelex Xobeh
Okawaru
Qazlal
Ru
Sif Muna
Trog
Uskayaw
Vehumet
Wu Jian
Xom
Yredelemnul
Zin
The Shining One


Innate Abilities, Weirdness & Mutations

You are resistant to damage.
You can heal yourself by infusing magical energy.
You passively map a small area around you.
You do not regenerate.
Your life essence is reduced to manifest your ancestor. (-10% HP)


Message History

No target in view!
No target in view!
You swap places.
Items here: ( ) [ †.
u - a scroll labelled WIW NUINATT You swap places.
Items here: ( ) [ †.
Found a metal-bound book.
A quokka comes into view.
A quokka is nearby!
A quokka is nearby!
A quokka is nearby!
A leopard gecko comes into view.
The leopard gecko hisses angrily.
You block the quokka's attack.
You slice the quokka!!
You kill the quokka!
You slash the leopard gecko!
You kill the leopard gecko!
No target in view!
No target in view!
No target in view!
No target in view!
No target in view!
No target in view!
No target in view!
No target in view!
No target in view! 2 orcs come into view.
The orc shouts!
There are monsters nearby!
There are monsters nearby!
There are monsters nearby!
There are monsters nearby!
A bullfrog comes into view.
The bullfrog croaks.
An adder, an orc, an orc warrior and an ogre come into view.
Gozag incites the orc warrior against you.
The orc warrior shouts!
The orc warrior goes berserk!
The adder hisses angrily.
The ogre shouts!
You hear a shout! x3
The orc barely misses you.
An orc comes into view. It is wielding a +0 war axe.
A phantom comes into view.
Gozag incites the phantom against you.
The phantom seems to speed up.
You slash the orc!
You kill the orc!
You hit the orc but do no damage. You block the orc's attack.
An ogre comes into view. It is wielding a +0 giant spiked club.
Gozag incites the ogre against you.
The ogre goes berserk!
The orc hits you but does no damage.
You hit the bullfrog.
The bullfrog is lightly wounded.
You closely miss the orc. You block the bullfrog's attack. x2
Tiberius hits the orc but does no damage.
The orc hits you but does no damage.
You hear a shout! x2
You slash the bullfrog!
The bullfrog is severely wounded.
You hit the orc but do no damage. The bullfrog closely misses you.
The orc warrior closely misses you.
Tiberius misses the orc.
The orc barely misses you. You block the bullfrog's attack.
You hear a shout!
You barely miss the bullfrog.
The bullfrog is severely wounded.
You closely miss the orc warrior. You hit the orc but do no damage.
You barely miss the adder.
The bullfrog hits you but does no damage.
You block the orc warrior's attack. The adder bites you but does no damage.
Tiberius hits the orc!
The orc dies!
The phantom hits you. The bullfrog hits you.
The orc warrior hits you with a +0 mace!!
You slash the bullfrog!
You kill the bullfrog!
You hit the orc warrior. You slash the ogre! You hit the adder.
You closely miss the phantom.
The phantom blinks!
The adder bites you but does no damage.
Tiberius barely misses the adder.
The orc warrior hits you with a +0 mace!!
* * * LOW HITPOINT WARNING * * *
The adder closely misses you.
Your Fighting skill increases to level 5!
Your Armour skill increases to level 6!
You are too injured to fight recklessly!
You are too injured to fight recklessly!
You are too injured to fight recklessly!
You are too injured to fight recklessly!
You are too injured to fight recklessly!
You are too injured to fight recklessly!
You are too injured to fight recklessly!
You are too injured to fight recklessly!
There are monsters nearby!
There are monsters nearby!
You feel much better. The orc warrior closely misses you.
Tiberius misses the adder.
The ogre hits you with a +0 giant spiked club!!
* * * LOW HITPOINT WARNING * * *
The ogre hits you with a +0 giant spiked club!
You die...

, ........# #.#.###
...............# #.#..##
...............###......
,
....................#...
,...........##.>.....((..
,
...........##........)..
.......o...##.....>.(###
......oOS..#......).)...
.....oO@R..#.######))###
, ......§......#.......#
,.....................##
......................##
........................
, , ,
...W....................
,
...........†.†..........
............#.###.......
...........#.# #.......


You could see the friendly Tiberius the ancestor, a phantom (fast, incited), an
orc warrior (berserk, incited), 2 ogres, an adder and 2 orcs.

Vanquished Creatures
  Grinder (D:5)
  A black bear (D:4)
  2 ogres (D:5)
  A bullfrog (D:7)
  2 howler monkeys (D:5)
  A bullfrog zombie (D:5)
  3 orc priests
  A jelly (D:5)
  3 bullfrog skeletons
  2 iguanas
  5 worker ants
  2 orc wizards
  Robin (D:4)
  5 adders
  A white imp (D:5)
  2 ufetubi (D:5)
  A worm (D:2)
  A dart slug (D:4)
  5 leopard geckos
  8 orcs
  3 bats
  5 giant cockroaches
  11 goblins
  3 hobgoblins
  4 jackals (D:5)
  3 quokkas
  3 frilled lizards
  A jackal skeleton (D:4)
  2 kobolds (D:2)
  5 rats
88 creatures vanquished.

Vanquished Creatures (collateral kills)
  A scorpion (D:7)
  3 orc wizards
  An orc priest (D:7)
  A centaur skeleton (D:7)
  3 orcs
9 creatures vanquished.

Grand Total: 97 creatures vanquished

Notes
Turn   | Place    | Note
-------+----------+-------------------------------------------
     0 | D:1      | EnegeticOcto the Deep Dwarf Fighter began the quest for the
                  | Orb.
     0 | D:1      | Reached XP level 1. HP: 20/20 MP: 1/1
   185 | D:1      | Reached XP level 2. HP: 27/27 MP: 2/2
   461 | D:3      | Reached XP level 3. HP: 23/33 MP: 3/3
   477 | D:3      | Reached skill level 3 in Axes
   503 | D:4      | Noticed Robin
   518 | D:4      | Reached XP level 4. HP: 42/42 MP: 4/4
   520 | D:4      | Killed Robin
   585 | D:4      | Reached skill level 4 in Axes
   585 | D:4      | Reached XP level 5. HP: 25/49 MP: 5/5
   974 | D:4      | Noticed a black bear
   981 | D:4      | Killed a black bear
   982 | D:4      | Reached XP level 6. HP: 47/56 MP: 6/6
  1203 | D:5      | Entered Level 5 of the Dungeon
  1212 | D:5      | Noticed Grinder
  1230 | D:5      | Paralysed by Grinder for 7 turns
  1241 | D:5      | Paralysed by Grinder for 6 turns
  1249 | D:5      | Killed Grinder
  1250 | D:5      | Reached skill level 5 in Axes
  1250 | D:5      | Reached XP level 7. HP: 52/64 MP: 5/5
  1265 | D:5      | Reached skill level 5 in Shields
  1311 | D:5      | Found a glowing golden altar of the Shining One.
  1313 | D:5      | Found a shimmering blue altar of Sif Muna.
  1313 | D:5      | Found a shimmering altar of Xom.
  1315 | D:5      | Found a white marble altar of Elyvilon.
  1315 | D:5      | Found a glowing golden altar of the Shining One.
  1315 | D:5      | Found an ornate altar of the Wu Jian Council.
  1361 | D:5      | Reached skill level 5 in Armour
  1412 | D:5      | Reached skill level 6 in Axes
  1581 | D:5      | Found a staircase to the Ecumenical Temple.
  1678 | Temple   | Entered the Ecumenical Temple
  1776 | Temple   | Became a worshipper of Gozag Ym Sagoz the Greedy
  1781 | Temple   | Fell from the grace of Gozag
  1781 | Temple   | Became a worshipper of Hepliaklqana the Forgotten
  1906 | D:5      | Reached XP level 8. HP: 64/65 MP: 3/3
  2158 | D:6      | You fall into a shaft and drop 2 floors!
  2158 | D:8      | Found a white marble altar of Elyvilon.
  2185 | D:7      | Reached skill level 7 in Axes
  2309 | D:7      | Reached skill level 5 in Fighting
  2309 | D:7      | Slain by an ogre

Illustrated notes

Levels and vault maps discovered:
D:1:      noname_arrival_rooms_in_the_neighbourhood, layout_loops_corners
D:2:      layout_loops_corners, minmay_misc_feat_nine_boxes, cheibriados_altar_1
D:3:      layout_loops_cross, biasface_ghost_orc_armoury
D:4:      layout_basic, minmay_close_crescents, uniq_robin
D:5:      layout_basic, minmay_temple_entry_trees, doesnt_xom_only_xom,
          uniq_grinder
D:6:      layout_gridville
D:7:      layout_basic, grunt_gozag_breadcrumbs
D:8:      layout_basic, general_overflow_altar, basic_altar, serial_shops,
          shop_fountains, enter_bailey_1, st_stairs_14,
          kennysheep_generic_room_9
Temple:   kilobyte_greek_temple

Skill      XL: |  1  2  3  4  5  6  7  8 |
---------------+-------------------------+-----
Fighting       | 3 4 5 |  5.0
Axes           | 3 4 5 6 7 |  7.5
Armour         | 4 5 6 |  6.0
Shields        | 4 5 6 |  6.0

Action                   |  1- 3 |  4- 6 |  7- 9 || total
-------------------------+-------+-------+-------++-------
Melee: War axe           |    99 |    77 |   156 ||   332
Invok: Recall Ancestor   |       |       |     1 ||     1
 Abil: Heal Wounds       |     1 |     4 |    12 ||    17
Armor: Scale mail        |    51 |    44 |    91 ||   186
Dodge: Dodged            |    45 |    22 |    62 ||   129
Block: Kite shield       |    74 |    38 |    98 ||   210
